BOSTON Bruins vs WASHINGTON Capitals

Created - 9 avril 2024 at 17:30

Goals
1 2 3 T
BOSTON Bruins 1 2 1 4
WASHINGTON Capitals 0 2 1 3
Shots
1 2 3 T
BOSTON Bruins 6 8 6 20
WASHINGTON Capitals 3 16 10 29

1st period

1. BOSTON Bruins , Bo Horvat 37 (Adrian Kempe 46, Brad Marchand 49) at 3:10 (PP)

Penalties :
Mario Ferraro (WSH) for Tripping (Minor) at 2:31

2nd period

2. BOSTON Bruins , Bo Horvat 38 (Victor Hedman 60, Brad Marchand 50) at 2:02 (PP)
3. WASHINGTON Capitals , Ryan Strome 9 (Matt Duchene 36, John Carlson 45) at 5:12 (PP)
4. WASHINGTON Capitals , Brock Boeser 21 (Casey Mittelstadt 14, Ivan Barbashev 25) at 18:22
5. BOSTON Bruins , Joel Eriksson Ek 21 (Matt Dumba 28, Andrew Peeke 21) at 19:50

Penalties :
Matt Duchene (WSH) for Boarding (Minor) at 0:11, Frank Vatrano (BOS) for Holding (Minor) at 4:41, Victor Hedman (BOS) for Slashing (Minor) at 14:06

3rd period

6. WASHINGTON Capitals , Carson Soucy 5 (Matt Duchene 37, William Karlsson 69) at 10:57
7. BOSTON Bruins , Kirill Kaprizov 31 (Joel Eriksson Ek 45) at 11:17

Penalties :
Jaycob Megna (BOS) for Boarding (Minor) at 1:55, Andrew Peeke (BOS) for Tripping (Minor) at 15:18, Victor Hedman (BOS) for Delaying the game (Minor) at 17:38

Goalie Stats

Tristan Jarry (BOS), 26 saves from 29 shots - (0,897), W, 41-29-5, 60:00 minutes
Scott Wedgewood (WSH), 16 saves from 20 shots - (0,800), L, 26-32-5, 59:00 minutes

Players Stats for BOSTON Bruins

Player Name              G  A  P  +/- PIM S  H  SB GA TA FO     MP     PP MP  PK MP  
------------------------------------------------------------------------------------
Adam Lowry               0  0  0  -1  0   0  0  1  0  0  8/22   11:31   0:00   6:00 
Adrian Kempe             0  1  1  -1  0   4  1  0  0  0  0/0    18:16   1:50   0:00 
Andrew Peeke             0  1  1   0  2   0  4  4  0  0  0/0    21:48   0:00   5:08 
Blake Wheeler            0  0  0   0  0   0  0  0  0  0  1/1    12:10   0:00   0:00 
Bo Horvat                2  0  2  -1  0   3  1  0  0  0  12/22  18:16   1:50   0:00 
Brad Hunt                0  0  0   1  0   0  2  1  0  0  0/0    14:32   0:00   0:00 
Brad Marchand            0  2  2  -1  0   2  2  0  0  0  1/2    24:01   1:50   5:45 
Frank Vatrano            0  0  0   2  2   1  1  0  0  0  0/0    15:35   0:40   0:00 
Jaycob Megna             0  0  0   1  2   1  0  0  0  0  0/0    16:14   0:00   1:43 
Joel Eriksson Ek         1  1  2   2  0   3  0  0  0  0  10/14  17:56   0:40   2:20 
Kirill Kaprizov          1  0  1   2  0   2  0  0  0  0  0/2    16:46   1:50   0:00 
Matt Dumba               0  1  1   0  0   0  1  3  0  0  0/0    23:07   0:40   5:46 
Michael Pezzetta         0  0  0  -1  0   0  1  0  0  0  0/0     5:31   0:00   0:00 
Nathan Walker            0  0  0   0  0   1  2  0  0  0  0/0    14:35   0:00   2:25 
Phil Kessel              0  0  0  -1  0   0  0  0  0  0  0/0     5:31   0:00   0:00 
Shea Theodore            0  0  0  -1  0   0  0  3  0  0  0/0    20:19   0:40   1:49 
Tomas Hertl              0  0  0   0  0   1  0  1  0  0  3/13   12:57   0:40   0:07 
Victor Hedman            0  1  1  -1  4   2  2  0  0  0  0/0    22:23   1:50   2:45 

Players Stats for WASHINGTON Capitals

Player Name              G  A  P  +/- PIM S  H  SB GA TA FO     MP     PP MP  PK MP  
------------------------------------------------------------------------------------
Barrett Hayton           0  0  0   0  0   0  0  0  0  0  3/5     7:41   0:00   0:00 
Brock Boeser             1  0  1   0  0   2  2  0  0  0  2/3    17:27   4:30   0:00 
Carson Soucy             1  0  1   2  0   1  2  1  0  0  0/0    14:44   0:00   1:23 
Casey Mittelstadt        0  1  1   0  0   2  0  0  0  0  8/13   12:35   0:00   0:00 
Christian Dvorak         0  0  0   0  0   0  0  0  0  0  6/14   11:11   0:00   0:06 
Ian Cole                 0  0  0  -2  0   1  1  1  0  0  0/0    17:22   0:00   1:07 
Ivan Barbashev           0  1  1   0  0   1  2  0  0  0  0/1    18:18   3:57   1:46 
Jason Dickinson          0  0  0   0  0   0  3  0  0  0  0/0    11:21   0:00   0:38 
John Carlson             0  1  1   0  0   3  0  1  0  0  0/0    26:19   5:06   1:46 
Kevin Shattenkirk        0  0  0   0  0   2  0  2  0  0  0/0    23:21   5:06   0:00 
Mario Ferraro            0  0  0   2  2   1  2  0  0  0  0/0    17:25   3:21   0:44 
Matt Duchene             0  2  2   0  2   2  1  0  0  0  6/7    21:38   3:57   0:00 
Pavel Buchnevich         0  0  0   0  0   3  3  0  0  0  0/2    23:12   4:30   0:38 
Ross Colton              0  0  0   0  0   2  0  0  0  0  1/1     7:41   0:00   0:00 
Ryan Strome              1  0  1   0  0   4  1  0  0  0  0/1    14:40   3:57   0:00 
Sam Steel                0  0  0   0  0   0  0  0  0  0  1/1     7:41   0:00   0:00 
Torey Krug               0  0  0  -2  0   1  0  0  0  0  0/0    20:48   3:21   0:00 
William Karlsson         0  1  1   0  0   4  0  0  0  0  14/28  24:04   4:30   1:52 

3 Stars

1 - Joel Eriksson Ek (BOS)
2 - Bo Horvat (BOS)
3 - Carson Soucy (WSH)

Power Play

BOSTON Bruins - 2 on 2 Attempt(s) - 100,00%
WASHINGTON Capitals - 1 on 5 Attempt(s) - 20,00%

Penalty Kill

BOSTON Bruins - 4 on 5 Attempt(s) - 80,00% - Score 0 goal in Penalty Kill
WASHINGTON Capitals - 0 on 2 Attempt(s) - 0,00% - Score 0 goal in Penalty Kill

Team Stat

BOSTON Bruins - Hits : 17 - Faceoff Wins : 35 - Blocked Shots : 13 - Penalty Minutes : 10
WASHINGTON Capitals - Hits : 17 - Faceoff Wins : 41 - Blocked Shots : 5 - Penalty Minutes : 4

Official

Referees : Trevor Hanson and Kyle Rehman
Linesman : Ben O'Quinn and Devin Berg

Game Notes

No Game Note

Finance

Level 1 -- Attendance: 5109 (85,15%) -- Ticket Income $510,900
Level 2 -- Attendance: 4385 (87,70%) -- Ticket Income $263,100
Level 3 -- Attendance: 1744 (87,20%) -- Ticket Income $69,760
Level 4 -- Attendance: 2873 (71,83%) -- Ticket Income $71,825
Luxury Box -- Attendance: 799 (79,90%) -- Ticket Income $159,800
Game was played at the Verizon Center.
Total Attendance: 14910 (82,83%)
Total Ticket Income: $1,075,385
Other Income: $268,846
Total Income: $1,344,231

BOSTON Bruins

5 vs 5 Forward 
   Center                   Left Wing                Right Wing               Time % Phy DF OF 
 1 Bo Horvat                Brad Marchand            Adrian Kempe             38     1   2  2  
 2 Joel Eriksson Ek         Kirill Kaprizov          Frank Vatrano            34     1   2  2  
 3 Tomas Hertl              Nathan Walker            Blake Wheeler            20     1   2  2  
 4 Adam Lowry               Michael Pezzetta         Phil Kessel              8      1   2  2  

5 vs 5 Defense 
   Defense                  Defense                                           Time % Phy DF OF 
 1 Victor Hedman            Shea Theodore                                     43     1   2  2  
 2 Andrew Peeke             Matt Dumba                                        41     1   3  1  
 3 Jaycob Megna             Brad Hunt                                         16     2   2  1  
 4 Victor Hedman            Shea Theodore                                     0      1   2  2  

PowerPlay Forward 
   Center                   Left Wing                Right Wing               Time % Phy DF OF 
 1 Bo Horvat                Brad Marchand            Adrian Kempe             60     1   2  2  
 2 Tomas Hertl              Joel Eriksson Ek         Frank Vatrano            40     1   2  2  

PowerPlay Defense
   Defense                  Defense                                           Time % Phy DF OF 
 1 Victor Hedman            Kirill Kaprizov                                   60     1   2  2  
 2 Matt Dumba               Shea Theodore                                     40     1   2  2  

Penalty Kill 4 Players Forward 
   Center                   Wing                     Time % Phy DF OF 
 1 Adam Lowry               Brad Marchand            60     1   2  2  
 2 Joel Eriksson Ek         Andrew Peeke             40     1   2  2  

Penalty Kill 4 Players Defense
   Defense                  Defense                  Time % Phy DF OF 
 1 Victor Hedman            Andrew Peeke             60     1   2  2  
 2 Matt Dumba               Shea Theodore            40     1   2  2  

Penalty Kill - 3 Players Forward 
   Forward                                           Time % Phy DF OF 
 1 Adam Lowry                                        60     1   2  2  
 2 Joel Eriksson Ek                                  40     1   2  2  

Penalty Kill - 3 Players Defense
   Defense                  Defense                  Time % Phy DF OF 
 1 Victor Hedman            Andrew Peeke             60     1   2  2  
 2 Matt Dumba               Shea Theodore            40     1   2  2  

4 vs 4 Forward 
   Center                   Wing                     Time % Phy DF OF 
 1 Bo Horvat                Brad Marchand            60     1   2  2  
 2 Joel Eriksson Ek         Adrian Kempe             40     1   2  2  

4 vs 4 Defense
   Defense                  Defense                  Time % Phy DF OF 
 1 Victor Hedman            Shea Theodore            60     1   2  2  
 2 Andrew Peeke             Matt Dumba               40     1   2  2  

Last Minutes Offensive
   Center                   Left Wing                Right Wing               Defense                  Defense                  
   Bo Horvat                Kirill Kaprizov          Andrew Peeke             Victor Hedman            Shea Theodore            

Last Minutes Defensive
   Center                   Left Wing                Right Wing               Defense                  Defense                  
   Bo Horvat                Brad Marchand            Adrian Kempe             Victor Hedman            Andrew Peeke             

Goaltenders
Starting : Tristan Jarry            
Backup : Casey DeSmith            

Extra Forwards
Normal : Kirill Kaprizov, Tomas Hertl, Brad Marchand - PP : Kirill Kaprizov, Tomas Hertl - PK : Adam Lowry
Extra Defensemen
Normal : Victor Hedman, Shea Theodore, Matt Dumba - PP : Victor Hedman - PK : Andrew Peeke, Victor Hedman
Penalty Shots
Bo Horvat, Adrian Kempe, Kirill Kaprizov, Tomas Hertl, Brad Marchand

Scratches
None

WASHINGTON Capitals

5 vs 5 Forward 
   Center                   Left Wing                Right Wing               Time % Phy DF OF 
 1 William Karlsson         Pavel Buchnevich         Matt Duchene             40     1   1  3  
 2 Casey Mittelstadt        Ivan Barbashev           Brock Boeser             30     1   2  2  
 3 Christian Dvorak         Jason Dickinson          Ryan Strome              20     1   2  2  
 4 Barrett Hayton           Ross Colton              Sam Steel                10     3   2  0  

5 vs 5 Defense 
   Defense                  Defense                                           Time % Phy DF OF 
 1 John Carlson             Kevin Shattenkirk                                 40     0   4  1  
 2 Ian Cole                 Torey Krug                                        30     0   4  1  
 3 Mario Ferraro            Carson Soucy                                      20     1   3  1  
 4 Torey Krug               John Carlson                                      10     0   4  1  

PowerPlay Forward 
   Center                   Left Wing                Right Wing               Time % Phy DF OF 
 1 William Karlsson         Pavel Buchnevich         Brock Boeser             60     1   0  4  
 2 Matt Duchene             Ivan Barbashev           Ryan Strome              40     1   0  4  

PowerPlay Defense
   Defense                  Defense                                           Time % Phy DF OF 
 1 John Carlson             Kevin Shattenkirk                                 70     0   1  4  
 2 Mario Ferraro            Torey Krug                                        30     0   1  4  

Penalty Kill 4 Players Forward 
   Center                   Wing                     Time % Phy DF OF 
 1 William Karlsson         Ivan Barbashev           60     1   4  0  
 2 Jason Dickinson          Pavel Buchnevich         40     1   4  0  

Penalty Kill 4 Players Defense
   Defense                  Defense                  Time % Phy DF OF 
 1 John Carlson             Ian Cole                 60     0   5  0  
 2 Mario Ferraro            Carson Soucy             40     0   5  0  

Penalty Kill - 3 Players Forward 
   Forward                                           Time % Phy DF OF 
 1 William Karlsson                                  60     0   5  0  
 2 Jason Dickinson                                   40     0   5  0  

Penalty Kill - 3 Players Defense
   Defense                  Defense                  Time % Phy DF OF 
 1 Ian Cole                 Mario Ferraro            60     0   5  0  
 2 John Carlson             Carson Soucy             40     0   5  0  

4 vs 4 Forward 
   Center                   Wing                     Time % Phy DF OF 
 1 William Karlsson         Pavel Buchnevich         60     1   2  2  
 2 Matt Duchene             Brock Boeser             40     1   2  2  

4 vs 4 Defense
   Defense                  Defense                  Time % Phy DF OF 
 1 John Carlson             Kevin Shattenkirk        60     1   2  2  
 2 Mario Ferraro            Torey Krug               40     1   2  2  

Last Minutes Offensive
   Center                   Left Wing                Right Wing               Defense                  Defense                  
   Matt Duchene             Pavel Buchnevich         Brock Boeser             John Carlson             Kevin Shattenkirk        

Last Minutes Defensive
   Center                   Left Wing                Right Wing               Defense                  Defense                  
   William Karlsson         Jason Dickinson          Pavel Buchnevich         John Carlson             Mario Ferraro            

Goaltenders
Starting : Scott Wedgewood          
Backup : Chris Driedger           

Extra Forwards
Normal : Pavel Buchnevich, Matt Duchene, William Karlsson - PP : William Karlsson, Brock Boeser - PK : Christian Dvorak
Extra Defensemen
Normal : Carson Soucy, Kevin Shattenkirk, Mario Ferraro - PP : John Carlson - PK : Ian Cole, Torey Krug
Penalty Shots
Matt Duchene, Pavel Buchnevich, Ivan Barbashev, William Karlsson, Ross Colton

Scratches
Matt Grzelcyk (Healthy)

% Time on Ice - BOSTON Bruins

Lines # - Real PCT - Wanted PCT - Time Play
Normal Forward
1 - 33% - 38% - 16:04
2 - 31% - 34% - 14:56
3 - 25% - 20% - 12:10
4 - 11% - 8% - 5:31
Normal Defense
1 - 36% - 43% - 17:28
2 - 34% - 41% - 16:41
3 - 30% - 16% - 14:32
4 - 0% - 0% - 0:00
PP Forward
1 - 73% - 60% - 1:50
2 - 27% - 40% - 0:40
PP Defense
1 - 73% - 60% - 1:50
2 - 27% - 40% - 0:40
PK Forward
1 - 72% - 60% - 6:07
2 - 28% - 40% - 2:20
PK Defense
1 - 81% - 60% - 6:52
2 - 19% - 40% - 1:35
PK3 Forward
1 - 0% - 60%
2 - 0% - 40%
PK3 Defense
1 - 0% - 60%
2 - 0% - 40%
44 Forward
1 - 0% - 60%
2 - 0% - 40%
44 Defense
1 - 0% - 60%
2 - 0% - 40%
Last Minute Offensive  - 0:00
Last Minute Defensive  - 0:22
Total
Forward - 60:00
Defense - 60:00

% Time on Ice - WASHINGTON Capitals

Lines # - Real PCT - Wanted PCT - Time Play
Normal Forward
1 - 36% - 40% - 17:42
2 - 26% - 30% - 12:35
3 - 22% - 20% - 10:43
4 - 16% - 10% - 7:41
Normal Defense
1 - 37% - 40% - 17:53
2 - 32% - 30% - 15:27
3 - 27% - 20% - 13:21
4 - 4% - 10% - 2:00
PP Forward
1 - 53% - 60% - 4:30
2 - 47% - 40% - 3:57
PP Defense
1 - 60% - 70% - 5:06
2 - 40% - 30% - 3:21
PK Forward
1 - 75% - 60% - 1:52
2 - 25% - 40% - 0:38
PK Defense
1 - 45% - 60% - 1:07
2 - 55% - 40% - 1:23
PK3 Forward
1 - 0% - 60%
2 - 0% - 40%
PK3 Defense
1 - 0% - 60%
2 - 0% - 40%
44 Forward
1 - 0% - 60%
2 - 0% - 40%
44 Defense
1 - 0% - 60%
2 - 0% - 40%
Last Minute Offensive  - 0:22
Last Minute Defensive  - 0:00
Total
Forward - 60:00
Defense - 60:00

Play-by-Play

1st period


0:01 of 1st period - William Karlsson wins face-off versus Bo Horvat in neutral zone.
0:06 of 1st period - Shot by William Karlsson.
0:06 of 1st period - Shot Blocked by Shea Theodore.
0:16 of 1st period - Shot by Brad Marchand.
0:16 of 1st period - Deflect By Bo Horvat.
0:16 of 1st period - Shot Misses the Net.
0:18 of 1st period - Shot by Brad Marchand.
0:18 of 1st period - Shot Misses the Net.
1:08 of 1st period - Shot by Joel Eriksson Ek.
1:08 of 1st period - Shot Misses the Net.
2:27 of 1st period - Blake Wheeler is hit by Carson Soucy and loses puck.
2:31 of 1st period - Minor Penalty to Mario Ferraro for Tripping.
2:32 of 1st period - William Karlsson wins face-off versus Bo Horvat in WASHINGTON Capitals zone.
2:32 of 1st period - William Karlsson is hit by Adrian Kempe.
3:10 of 1st period - Shot by Adrian Kempe.
3:10 of 1st period - Deflect By Bo Horvat.
3:10 of 1st period - Goal by Bo Horvat - BOSTON Bruins : 1 - WASHINGTON Capitals : 0.
3:11 of 1st period - Adam Lowry wins face-off versus Barrett Hayton in neutral zone.
3:38 of 1st period - Shot by Barrett Hayton.
3:38 of 1st period - Shot Blocked by Adam Lowry.
3:40 of 1st period - Shot by Barrett Hayton.
3:40 of 1st period - Shot Misses the Net.
4:22 of 1st period - Shot by Jason Dickinson.
4:22 of 1st period - Shot Blocked by Tomas Hertl.
4:35 of 1st period - Icing by Kevin Shattenkirk.
4:36 of 1st period - Bo Horvat wins face-off versus Christian Dvorak in WASHINGTON Capitals zone.
6:04 of 1st period - Kirill Kaprizov is hit by Ian Cole and loses puck.
6:09 of 1st period - Shot by Frank Vatrano.
6:09 of 1st period - Stopped by Scott Wedgewood without a rebound.
6:10 of 1st period - Ross Colton wins face-off versus Tomas Hertl in WASHINGTON Capitals zone.
6:19 of 1st period - Shot by Ross Colton.
6:19 of 1st period - Stopped by Tristan Jarry without a rebound.
6:20 of 1st period - Casey Mittelstadt wins face-off versus Adam Lowry in BOSTON Bruins zone.
6:34 of 1st period - Off-side.
6:35 of 1st period - Bo Horvat wins face-off versus William Karlsson in neutral zone.
6:52 of 1st period - Brad Marchand is hit by Mario Ferraro and loses puck.
6:55 of 1st period - Shot by Bo Horvat.
6:55 of 1st period - Shot Misses the Net.
6:57 of 1st period - Shot by Victor Hedman.
6:57 of 1st period - Stopped by Scott Wedgewood without a rebound.
6:58 of 1st period - Casey Mittelstadt wins face-off versus Joel Eriksson Ek in WASHINGTON Capitals zone.
7:31 of 1st period - Shot by John Carlson.
7:31 of 1st period - Shot Misses the Net.
7:33 of 1st period - Shot by John Carlson.
7:33 of 1st period - Shot Misses the Net.
8:34 of 1st period - Shot by Pavel Buchnevich.
8:34 of 1st period - Stopped by Tristan Jarry without a rebound.
8:35 of 1st period - Tomas Hertl wins face-off versus Christian Dvorak in BOSTON Bruins zone.
8:35 of 1st period - Tomas Hertl is hit by Jason Dickinson.
8:42 of 1st period - Icing by Blake Wheeler.
8:43 of 1st period - Tomas Hertl wins face-off versus Christian Dvorak in BOSTON Bruins zone.
8:43 of 1st period - Tomas Hertl is hit by Jason Dickinson.
10:07 of 1st period - Shot by Matt Duchene.
10:07 of 1st period - Deflect By Pavel Buchnevich.
10:07 of 1st period - Shot Misses the Net.
10:16 of 1st period - Icing by Brad Marchand.
10:17 of 1st period - Bo Horvat wins face-off versus Casey Mittelstadt in BOSTON Bruins zone.
10:40 of 1st period - Shot by Casey Mittelstadt.
10:40 of 1st period - Shot Misses the Net.
11:31 of 1st period - Ross Colton is hit by Matt Dumba and loses puck.
12:59 of 1st period - Shea Theodore is hit by Matt Duchene and loses puck.
13:42 of 1st period - Shot by Brad Marchand.
13:42 of 1st period - Stopped by Scott Wedgewood without a rebound.
13:43 of 1st period - Joel Eriksson Ek wins face-off versus Ryan Strome in WASHINGTON Capitals zone.
14:02 of 1st period - Shot by Joel Eriksson Ek.
14:02 of 1st period - Shot Misses the Net.
15:12 of 1st period - Shot by Bo Horvat.
15:12 of 1st period - Deflect By Adrian Kempe.
15:12 of 1st period - Stopped by Scott Wedgewood without a rebound.
15:13 of 1st period - Barrett Hayton wins face-off versus Tomas Hertl in WASHINGTON Capitals zone.
16:25 of 1st period - Kevin Shattenkirk is hit by Michael Pezzetta.
16:34 of 1st period - Icing by Phil Kessel.
16:35 of 1st period - William Karlsson wins face-off versus Adam Lowry in BOSTON Bruins zone.
16:38 of 1st period - Shot by Matt Duchene.
16:38 of 1st period - Stopped by Tristan Jarry without a rebound.
16:39 of 1st period - Bo Horvat wins face-off versus William Karlsson in BOSTON Bruins zone.
17:06 of 1st period - Shot by Matt Duchene.
17:06 of 1st period - Shot Blocked by Andrew Peeke.
18:23 of 1st period - Shot by Joel Eriksson Ek.
18:23 of 1st period - Stopped by Scott Wedgewood without a rebound.
18:24 of 1st period - Blake Wheeler wins face-off versus Christian Dvorak in WASHINGTON Capitals zone.
19:23 of 1st period - Icing by William Karlsson.
19:24 of 1st period - Joel Eriksson Ek wins face-off versus William Karlsson in WASHINGTON Capitals zone.
Goals for this period are 1 for BOSTON Bruins vs 0 for WASHINGTON Capitals.
Shots for this period are 6 for BOSTON Bruins vs 3 for WASHINGTON Capitals.

2nd period


0:01 of 2nd period - Joel Eriksson Ek wins face-off versus William Karlsson in neutral zone.
0:11 of 2nd period - Minor Penalty to Matt Duchene for Boarding.
0:12 of 2nd period - Bo Horvat wins face-off versus William Karlsson in WASHINGTON Capitals zone.
0:36 of 2nd period - Shot by Kirill Kaprizov.
0:36 of 2nd period - Stopped by Scott Wedgewood with a rebound.
1:28 of 2nd period - Shot by Joel Eriksson Ek.
1:28 of 2nd period - Shot Blocked by Ian Cole.
1:36 of 2nd period - Shot by Frank Vatrano.
1:36 of 2nd period - Shot Blocked by John Carlson.
1:48 of 2nd period - Shot by Tomas Hertl.
1:48 of 2nd period - Stopped by Scott Wedgewood without a rebound.
1:49 of 2nd period - Bo Horvat wins face-off versus Pavel Buchnevich in WASHINGTON Capitals zone.
2:02 of 2nd period - Shot by Bo Horvat.
2:02 of 2nd period - Goal by Bo Horvat - BOSTON Bruins : 2 - WASHINGTON Capitals : 0.
2:03 of 2nd period - Adam Lowry wins face-off versus Barrett Hayton in neutral zone.
2:23 of 2nd period - Icing by Jaycob Megna.
2:24 of 2nd period - Adam Lowry wins face-off versus Christian Dvorak in BOSTON Bruins zone.
2:24 of 2nd period - Adam Lowry is hit by Ryan Strome.
2:27 of 2nd period - Icing by Phil Kessel.
2:28 of 2nd period - Christian Dvorak wins face-off versus Adam Lowry in BOSTON Bruins zone.
2:30 of 2nd period - Ryan Strome is hit by Brad Hunt and loses puck.
3:23 of 2nd period - Shot by Adrian Kempe.
3:23 of 2nd period - Stopped by Scott Wedgewood without a rebound.
3:24 of 2nd period - Joel Eriksson Ek wins face-off versus William Karlsson in WASHINGTON Capitals zone.
3:51 of 2nd period - Shot by William Karlsson.
3:51 of 2nd period - Stopped by Tristan Jarry without a rebound.
3:52 of 2nd period - Casey Mittelstadt wins face-off versus Bo Horvat in BOSTON Bruins zone.
3:55 of 2nd period - Shot by Casey Mittelstadt.
3:55 of 2nd period - Stopped by Tristan Jarry without a rebound.
3:56 of 2nd period - Bo Horvat wins face-off versus Casey Mittelstadt in BOSTON Bruins zone.
4:14 of 2nd period - Icing by Carson Soucy.
4:15 of 2nd period - Casey Mittelstadt wins face-off versus Joel Eriksson Ek in WASHINGTON Capitals zone.
4:15 of 2nd period - Brock Boeser is hit by Frank Vatrano and loses puck.
4:41 of 2nd period - Minor Penalty to Frank Vatrano for Holding.
4:42 of 2nd period - William Karlsson wins face-off versus Adam Lowry in BOSTON Bruins zone.
4:42 of 2nd period - William Karlsson is hit by Andrew Peeke.
4:51 of 2nd period - William Karlsson is hit by Andrew Peeke and loses puck.
4:58 of 2nd period - Shot by Pavel Buchnevich.
4:58 of 2nd period - Shot Misses the Net.
5:00 of 2nd period - Shot by William Karlsson.
5:00 of 2nd period - Stopped by Tristan Jarry without a rebound.
5:01 of 2nd period - Matt Duchene wins face-off versus Adam Lowry in BOSTON Bruins zone.
5:12 of 2nd period - Shot by Ryan Strome.
5:12 of 2nd period - Goal by Ryan Strome - BOSTON Bruins : 2 - WASHINGTON Capitals : 1.
5:13 of 2nd period - William Karlsson wins face-off versus Kirill Kaprizov in neutral zone.
5:18 of 2nd period - Joel Eriksson Ek is hit by Pavel Buchnevich and loses puck.
5:31 of 2nd period - Shot by Kirill Kaprizov.
5:31 of 2nd period - Shot Misses the Net.
5:53 of 2nd period - Shot by Kirill Kaprizov.
5:53 of 2nd period - Shot Misses the Net.
5:55 of 2nd period - Shot by Victor Hedman.
5:55 of 2nd period - Stopped by Scott Wedgewood with a rebound.
5:57 of 2nd period - Shot by Frank Vatrano.
5:57 of 2nd period - Shot Misses the Net.
6:34 of 2nd period - Shot by Adrian Kempe.
6:34 of 2nd period - Deflect By Brad Marchand.
6:34 of 2nd period - Shot Misses the Net.
6:36 of 2nd period - Shot by Brad Marchand.
6:36 of 2nd period - Shot Misses the Net.
6:38 of 2nd period - Shot by Bo Horvat.
6:38 of 2nd period - Deflect By Adrian Kempe.
6:38 of 2nd period - Shot Misses the Net.
6:40 of 2nd period - Shot by Matt Dumba.
6:40 of 2nd period - Shot Misses the Net.
6:42 of 2nd period - Shot by Adrian Kempe.
6:42 of 2nd period - Shot Misses the Net.
8:20 of 2nd period - Shot by Jason Dickinson.
8:20 of 2nd period - Shot Misses the Net.
8:42 of 2nd period - Shot by John Carlson.
8:42 of 2nd period - Shot Blocked by Brad Hunt.
8:45 of 2nd period - Barrett Hayton is hit by Brad Hunt and loses puck.
9:02 of 2nd period - Shot by Ross Colton.
9:02 of 2nd period - Stopped by Tristan Jarry without a rebound.
9:03 of 2nd period - Bo Horvat wins face-off versus Brock Boeser in BOSTON Bruins zone.
9:03 of 2nd period - Bo Horvat is hit by Ivan Barbashev.
9:22 of 2nd period - Mario Ferraro is hit by Brad Marchand.
9:55 of 2nd period - Icing by Casey Mittelstadt.
9:56 of 2nd period - Casey Mittelstadt wins face-off versus Joel Eriksson Ek in WASHINGTON Capitals zone.
11:22 of 2nd period - Shot by Ryan Strome.
11:22 of 2nd period - Stopped by Tristan Jarry with a rebound.
12:13 of 2nd period - Shot by Ross Colton.
12:13 of 2nd period - Shot Misses the Net.
12:25 of 2nd period - Off-side.
12:26 of 2nd period - Bo Horvat wins face-off versus Casey Mittelstadt in neutral zone.
12:35 of 2nd period - Shot by Brad Marchand.
12:35 of 2nd period - Stopped by Scott Wedgewood without a rebound.
12:36 of 2nd period - Joel Eriksson Ek wins face-off versus William Karlsson in WASHINGTON Capitals zone.
12:59 of 2nd period - Shot by Kirill Kaprizov.
12:59 of 2nd period - Shot Blocked by Kevin Shattenkirk.
13:33 of 2nd period - Casey Mittelstadt is hit by Bo Horvat and loses puck.
13:46 of 2nd period - Shot by Ivan Barbashev.
13:46 of 2nd period - Shot Misses the Net.
13:48 of 2nd period - Shot by Casey Mittelstadt.
13:48 of 2nd period - Stopped by Tristan Jarry with a rebound.
13:50 of 2nd period - Shot by Ian Cole.
13:50 of 2nd period - Shot Blocked by Matt Dumba.
14:02 of 2nd period - Shot by Ivan Barbashev.
14:02 of 2nd period - Shot Misses the Net.
14:04 of 2nd period - Shot by Ian Cole.
14:04 of 2nd period - Stopped by Tristan Jarry without a rebound.
14:05 of 2nd period - Christian Dvorak wins face-off versus Tomas Hertl in BOSTON Bruins zone.
14:05 of 2nd period - Christian Dvorak is hit by Victor Hedman.
14:06 of 2nd period - Minor Penalty to Victor Hedman for Slashing.
14:07 of 2nd period - Adam Lowry wins face-off versus Matt Duchene in BOSTON Bruins zone.
14:17 of 2nd period - Off-side.
14:18 of 2nd period - William Karlsson wins face-off versus Adam Lowry in neutral zone.
14:21 of 2nd period - Andrew Peeke is hit by Pavel Buchnevich and loses puck.
14:36 of 2nd period - Shot by John Carlson.
14:36 of 2nd period - Shot Blocked by Matt Dumba.
14:38 of 2nd period - Shot by Brock Boeser.
14:38 of 2nd period - Stopped by Tristan Jarry without a rebound.
14:39 of 2nd period - Matt Duchene wins face-off versus Brad Marchand in BOSTON Bruins zone.
15:00 of 2nd period - Shot by Matt Duchene.
15:00 of 2nd period - Stopped by Tristan Jarry without a rebound.
15:01 of 2nd period - Adam Lowry wins face-off versus Pavel Buchnevich in BOSTON Bruins zone.
15:14 of 2nd period - Shot by John Carlson.
15:14 of 2nd period - Stopped by Tristan Jarry without a rebound.
15:15 of 2nd period - Matt Duchene wins face-off versus Adam Lowry in BOSTON Bruins zone.
15:36 of 2nd period - Shot by Matt Duchene.
15:36 of 2nd period - Deflect By Ivan Barbashev.
15:36 of 2nd period - Shot Hit the Post.
15:38 of 2nd period - Shot by John Carlson.
15:38 of 2nd period - Stopped by Tristan Jarry without a rebound.
15:39 of 2nd period - Adam Lowry wins face-off versus William Karlsson in BOSTON Bruins zone.
15:39 of 2nd period - Matt Dumba is hit by Brock Boeser.
15:52 of 2nd period - Off-side.
15:53 of 2nd period - Matt Duchene wins face-off versus Adam Lowry in neutral zone.
17:47 of 2nd period - Shot by Pavel Buchnevich.
17:47 of 2nd period - Stopped by Tristan Jarry without a rebound.
17:48 of 2nd period - Casey Mittelstadt wins face-off versus Bo Horvat in BOSTON Bruins zone.
18:22 of 2nd period - Shot by Casey Mittelstadt.
18:22 of 2nd period - Deflect By Brock Boeser.
18:22 of 2nd period - Goal by Brock Boeser - BOSTON Bruins : 2 - WASHINGTON Capitals : 2.
18:23 of 2nd period - Christian Dvorak wins face-off versus Tomas Hertl in neutral zone.
18:26 of 2nd period - Shot by Ryan Strome.
18:26 of 2nd period - Stopped by Tristan Jarry without a rebound.
18:27 of 2nd period - William Karlsson wins face-off versus Tomas Hertl in BOSTON Bruins zone.
18:37 of 2nd period - Matt Duchene is hit by Victor Hedman and loses puck.
18:44 of 2nd period - Shot by Pavel Buchnevich.
18:44 of 2nd period - Stopped by Tristan Jarry without a rebound.
18:45 of 2nd period - Bo Horvat wins face-off versus Casey Mittelstadt in BOSTON Bruins zone.
18:52 of 2nd period - Shot by Adrian Kempe.
18:52 of 2nd period - Stopped by Scott Wedgewood without a rebound.
18:53 of 2nd period - William Karlsson wins face-off versus Bo Horvat in WASHINGTON Capitals zone.
19:03 of 2nd period - Icing by Shea Theodore.
19:04 of 2nd period - Bo Horvat wins face-off versus Ivan Barbashev in BOSTON Bruins zone.
19:32 of 2nd period - Off-side.
19:33 of 2nd period - Joel Eriksson Ek wins face-off versus William Karlsson in neutral zone.
19:50 of 2nd period - Shot by Joel Eriksson Ek.
19:50 of 2nd period - Goal by Joel Eriksson Ek - BOSTON Bruins : 3 - WASHINGTON Capitals : 2.
19:51 of 2nd period - Christian Dvorak wins face-off versus Tomas Hertl in neutral zone.
19:51 of 2nd period - John Carlson is hit by Nathan Walker and loses puck.
19:59 of 2nd period - Icing by Nathan Walker.
Goals for this period are 2 for BOSTON Bruins vs 2 for WASHINGTON Capitals.
Shots for this period are 8 for BOSTON Bruins vs 16 for WASHINGTON Capitals.

3rd period


0:01 of 3rd period - Bo Horvat wins face-off versus William Karlsson in neutral zone.
1:28 of 3rd period - Icing by Andrew Peeke.
1:29 of 3rd period - Joel Eriksson Ek wins face-off versus Christian Dvorak in BOSTON Bruins zone.
1:34 of 3rd period - Off-side.
1:35 of 3rd period - Christian Dvorak wins face-off versus Tomas Hertl in neutral zone.
1:42 of 3rd period - Shot by Ryan Strome.
1:42 of 3rd period - Stopped by Tristan Jarry with a rebound.
1:55 of 3rd period - Minor Penalty to Jaycob Megna for Boarding.
1:56 of 3rd period - Brock Boeser wins face-off versus Adam Lowry in BOSTON Bruins zone.
2:15 of 3rd period - Shot by William Karlsson.
2:15 of 3rd period - Stopped by Tristan Jarry without a rebound.
2:16 of 3rd period - Matt Duchene wins face-off versus Adam Lowry in BOSTON Bruins zone.
3:33 of 3rd period - Shot by Kevin Shattenkirk.
3:33 of 3rd period - Shot Blocked by Andrew Peeke.
3:35 of 3rd period - Shot by John Carlson.
3:35 of 3rd period - Shot Misses the Net.
3:37 of 3rd period - Shot by Kevin Shattenkirk.
3:37 of 3rd period - Stopped by Tristan Jarry without a rebound.
3:38 of 3rd period - Joel Eriksson Ek wins face-off versus William Karlsson in BOSTON Bruins zone.
5:19 of 3rd period - Off-side.
5:20 of 3rd period - William Karlsson wins face-off versus Bo Horvat in neutral zone.
6:05 of 3rd period - Shot by Brad Marchand.
6:05 of 3rd period - Shot Misses the Net.
6:27 of 3rd period - Shot by Kirill Kaprizov.
6:27 of 3rd period - Shot Blocked by Kevin Shattenkirk.
6:29 of 3rd period - Shot by Joel Eriksson Ek.
6:29 of 3rd period - Stopped by Scott Wedgewood without a rebound.
6:30 of 3rd period - Brock Boeser wins face-off versus Tomas Hertl in WASHINGTON Capitals zone.
6:35 of 3rd period - Nathan Walker is hit by Ivan Barbashev and loses puck.
6:59 of 3rd period - Off-side.
7:00 of 3rd period - Joel Eriksson Ek wins face-off versus Christian Dvorak in neutral zone.
7:00 of 3rd period - Victor Hedman is hit by Jason Dickinson and loses puck.
7:13 of 3rd period - Off-side.
7:14 of 3rd period - Barrett Hayton wins face-off versus Bo Horvat in neutral zone.
8:55 of 3rd period - Shot by Matt Duchene.
8:55 of 3rd period - Shot Blocked by Shea Theodore.
8:57 of 3rd period - Shot by John Carlson.
8:57 of 3rd period - Shot Blocked by Shea Theodore.
8:59 of 3rd period - Shot by Kevin Shattenkirk.
8:59 of 3rd period - Stopped by Tristan Jarry without a rebound.
9:00 of 3rd period - Casey Mittelstadt wins face-off versus Tomas Hertl in BOSTON Bruins zone.
9:10 of 3rd period - Shot by Tomas Hertl.
9:10 of 3rd period - Shot Blocked by Carson Soucy.
9:18 of 3rd period - Shot by Nathan Walker.
9:18 of 3rd period - Stopped by Scott Wedgewood with a rebound.
9:20 of 3rd period - Shot by Jaycob Megna.
9:20 of 3rd period - Stopped by Scott Wedgewood without a rebound.
9:21 of 3rd period - Christian Dvorak wins face-off versus Bo Horvat in WASHINGTON Capitals zone.
10:01 of 3rd period - Shot by Bo Horvat.
10:01 of 3rd period - Shot Misses the Net.
10:39 of 3rd period - Phil Kessel is hit by Mario Ferraro and loses puck.
10:55 of 3rd period - Shot by William Karlsson.
10:55 of 3rd period - Deflect By Matt Duchene.
10:55 of 3rd period - Shot Misses the Net.
10:57 of 3rd period - Shot by Carson Soucy.
10:57 of 3rd period - Goal by Carson Soucy - BOSTON Bruins : 3 - WASHINGTON Capitals : 3.
10:58 of 3rd period - Joel Eriksson Ek wins face-off versus Casey Mittelstadt in neutral zone.
11:17 of 3rd period - Shot by Kirill Kaprizov.
11:17 of 3rd period - Goal by Kirill Kaprizov - BOSTON Bruins : 4 - WASHINGTON Capitals : 3.
11:18 of 3rd period - Sam Steel wins face-off versus Bo Horvat in neutral zone.
11:21 of 3rd period - Shot by Mario Ferraro.
11:21 of 3rd period - Stopped by Tristan Jarry without a rebound.
11:22 of 3rd period - William Karlsson wins face-off versus Bo Horvat in BOSTON Bruins zone.
11:22 of 3rd period - Ian Cole is hit by Andrew Peeke and loses puck.
11:39 of 3rd period - Shot by Bo Horvat.
11:39 of 3rd period - Shot Misses the Net.
11:58 of 3rd period - Shot by Adrian Kempe.
11:58 of 3rd period - Stopped by Scott Wedgewood with a rebound.
12:06 of 3rd period - Shot by Bo Horvat.
12:06 of 3rd period - Stopped by Scott Wedgewood without a rebound.
12:07 of 3rd period - Casey Mittelstadt wins face-off versus Joel Eriksson Ek in WASHINGTON Capitals zone.
13:16 of 3rd period - Off-side.
13:17 of 3rd period - Brad Marchand wins face-off versus William Karlsson in neutral zone.
13:20 of 3rd period - Ian Cole is hit by Brad Marchand and loses puck.
13:40 of 3rd period - Shot by William Karlsson.
13:40 of 3rd period - Stopped by Tristan Jarry without a rebound.
13:41 of 3rd period - Tomas Hertl wins face-off versus Christian Dvorak in BOSTON Bruins zone.
14:08 of 3rd period - Tomas Hertl is hit by Carson Soucy and loses puck.
14:34 of 3rd period - Mario Ferraro is hit by Nathan Walker and loses puck.
14:55 of 3rd period - Shot by John Carlson.
14:55 of 3rd period - Stopped by Tristan Jarry without a rebound.
14:56 of 3rd period - William Karlsson wins face-off versus Kirill Kaprizov in BOSTON Bruins zone.
15:10 of 3rd period - William Karlsson is hit by Andrew Peeke and loses puck.
15:18 of 3rd period - Minor Penalty to Andrew Peeke for Tripping.
15:19 of 3rd period - William Karlsson wins face-off versus Adam Lowry in BOSTON Bruins zone.
15:41 of 3rd period - Icing by Brock Boeser.
15:42 of 3rd period - Adam Lowry wins face-off versus William Karlsson in WASHINGTON Capitals zone.
15:59 of 3rd period - Adam Lowry is hit by Pavel Buchnevich and loses puck.
16:26 of 3rd period - Shot by Torey Krug.
16:26 of 3rd period - Shot Misses the Net.
16:56 of 3rd period - Shot by Ivan Barbashev.
16:56 of 3rd period - Stopped by Tristan Jarry without a rebound.
16:57 of 3rd period - William Karlsson wins face-off versus Adam Lowry in BOSTON Bruins zone.
17:24 of 3rd period - Off-side.
17:25 of 3rd period - Barrett Hayton wins face-off versus Tomas Hertl in neutral zone.
17:38 of 3rd period - Minor Penalty to Victor Hedman for Delaying the game.
17:39 of 3rd period - Matt Duchene wins face-off versus Adam Lowry in BOSTON Bruins zone.
17:49 of 3rd period - Off-side.
17:50 of 3rd period - William Karlsson wins face-off versus Adam Lowry in neutral zone.
17:53 of 3rd period - Shot by Mario Ferraro.
17:53 of 3rd period - Shot Blocked by Matt Dumba.
17:59 of 3rd period - Shot by Torey Krug.
17:59 of 3rd period - Stopped by Tristan Jarry without a rebound.
18:00 of 3rd period - Adam Lowry wins face-off versus William Karlsson in BOSTON Bruins zone.
18:00 of 3rd period - Adam Lowry is hit by Brock Boeser.
18:38 of 3rd period - Shot by Pavel Buchnevich.
18:38 of 3rd period - Shot Misses the Net.
18:54 of 3rd period - Shot by Mario Ferraro.
18:54 of 3rd period - Shot Misses the Net.
18:56 of 3rd period - Shot by Ivan Barbashev.
18:56 of 3rd period - Shot Misses the Net.
19:00 of 3rd period - WASHINGTON Capitals, Scott Wedgewood is pulled from the net.
19:12 of 3rd period - Shot by Torey Krug.
19:12 of 3rd period - Shot Blocked by Andrew Peeke.
19:14 of 3rd period - Shot by Matt Duchene.
19:14 of 3rd period - Deflect By Ivan Barbashev.
19:14 of 3rd period - Shot Blocked by Andrew Peeke.
Goals for this period are 1 for BOSTON Bruins vs 1 for WASHINGTON Capitals.
Shots for this period are 6 for BOSTON Bruins vs 10 for WASHINGTON Capitals. Output by the SimonT Hockey Simulator (STHS) for Martin Benoit - Original Page W3C HTML5 Valid
Hockey Simulator - Hockey Simulation - Hockey Manager